 Dungeon Crawl Stone Soup version 0.26.0-45-g9c1d065592 (webtiles) character file.

Game seed: 1656458528046808537

(classic levelgen) 83 thiole the Magician (level 4, -1/29 (31) HPs)
             Began as an Octopode Hedge Wizard on Jan 28, 2021.
             Slain by Crazy Yiuf
             ... wielding a +4 quarterstaff of chaos
              (2 damage)
             ... on level 3 of the Dungeon.
             The game lasted 00:05:15 (2759 turns).

thiole the Magician (Octopode Hedge Wizard)         Turns: 2759, Time: 00:05:15

HP:   -1/29 (31)    AC:  1    Str:  9    XL:     4   Next: 44%
MP:   8/8           EV: 18    Int: 17    God:
Gold: 66            SH:  0    Dex: 11    Spells: 8/9 levels left

rFire    . . .     SeeInvis .   a - +0 dagger
rCold    . . .     Faith    .   (no shield)
rNeg     . . .     Spirit   .   b - +0 hat
rPois    .         Reflect  .   (no amulet)
rElec    .         Harm     .   (no ring)
rCorr    .         Rampage  .   (no ring)
Will     .....                  (no ring)
Stlth    +++.......             (no ring)
HPRegen  0.09/turn              (no ring)
MPRegen  0.11/turn              (no ring)
                                (no ring)
                                (no ring)

@: agile, very slightly contaminated, drained, invisible
A: almost no armour, stealthy swim, amphibious, 8 rings, constrict 8, camouflage
1, gelatinous body 1
a: no special abilities


You were on level 3 of the Dungeon.
You visited 1 branch of the dungeon, and saw 3 of its levels.

You collected 66 gold pieces.

Inventory:

Hand Weapons
 a - a +0 dagger (weapon)
 d - a +1 antimagic short sword
Missiles
 i - 22 stones
 m - 18 poisoned darts
Armour
 b - a +0 hat (worn)
Jewellery
 e - an uncursed ring of ice {unknown}
 f - an uncursed amulet of guardian spirit {unknown}
Scrolls
 g - a scroll of enchant armour {unknown}
 h - a scroll of teleportation {unknown}
 j - a scroll of immolation {unknown}
 k - a scroll of fog {unknown}
 n - a scroll of enchant weapon {unknown}
Potions
 c - a potion of haste {unknown}
 l - a potion of attraction {unknown}
 o - a potion of lignification {unknown}


   Skills:
 - Level 3.0 Fighting
 - Level 2.0 Dodging
 - Level 2.6 Stealth
 - Level 3.0 Spellcasting
 + Level 1.9 Conjurations
 - Level 2.0 Summonings
 - Level 1.0 Translocations


You had 8 spell levels left.
You knew the following spells:

 Your Spells              Type           Power        Failure   Level
a - Magic Dart            Conj           36%          8%          1

Your spell library contained the following spells:

 Spells                   Type           Power        Failure   Level
 Call Imp                 Summ           9%           12%         2
 Blink                    Tloc           N/A          17%         2
 Slow                     Hex            2%           26%         2
 Conjure Flame            Conj/Fire      5%           34%         3
 Mephitic Cloud           Conj/Pois/Air  4%           38%         3


Dungeon Overview and Level Annotations

Branches:
Dungeon (3/15)

Altars:

Annotations:
D:2 Sigmund
D:3 Crazy Yiuf


Innate Abilities, Weirdness & Mutations

You cannot wear most types of armour.
You are very stealthy in the water. (Stealth+)
You are amphibious.
You can wear up to eight rings at the same time.
You can use your tentacles to constrict eight enemies at once.
Your skin changes colour to match your surroundings (Stealth+).
Your rubbery body absorbs attacks. (AC +1, EV +1)


Message History

You squeeze Crazy Yiuf.
Crazy Yiuf is lightly wounded.
You constrict Crazy Yiuf.
Crazy Yiuf grits, "Aardvark!
Hah ragdoll arm."
Crazy Yiuf hits you with a +4 quarterstaff of chaos!
You feel agile all of a sudden.
You hit Crazy Yiuf.
Crazy Yiuf is moderately wounded.
You constrict Crazy Yiuf.
Crazy Yiuf says, "Crazy?
Crazy!?
PORCUPINE!"
Crazy Yiuf hits you with a +4 quarterstaff of chaos!
You fade into invisibility!
You are very lightly contaminated with residual magic.
You hit Crazy Yiuf. You squeeze Crazy Yiuf.
Crazy Yiuf is severely wounded.
You constrict Crazy Yiuf.
Crazy Yiuf hits you with a +4 quarterstaff of chaos!
* * * LOW HITPOINT WARNING * * *
You feel drained.
You die...

#....#
#....#
#...##
##.##
#.##
##.#
#.##
##.#
#@#
#.g.#
#...#
#..)#
#####


You could see Crazy Yiuf.

Vanquished Creatures
  3 adders (D:2)
  3 oozes
  2 worms (D:2)
  2 leopard geckos (D:2)
  5 bats
  2 giant cockroaches
  A goblin (D:1)
  6 hobgoblins
  2 jackals (D:2)
  5 kobolds (D:2)
  2 frilled lizards
  3 rats
36 creatures vanquished.

Notes
Turn   | Place    | Note
-------+----------+-------------------------------------------
     0 | D:1      | thiole the Octopode Hedge Wizard began the quest for the
                  | Orb.
     0 | D:1      | Reached XP level 1. HP: 11/11 MP: 4/4
   133 | D:1      | Reached skill level 1 in Fighting
   446 | D:1      | Reached XP level 2. HP: 18/18 MP: 4/6
  1508 | D:2      | Reached XP level 3. HP: 22/25 MP: 4/7
  2233 | D:2      | Reached XP level 4. HP: 19/31 MP: 3/8
  2435 | D:2      | Noticed Sigmund
  2750 | D:3      | Found a runed translucent door.
  2751 | D:3      | Noticed Crazy Yiuf
  2759 | D:3      | HP: 1/31 [Crazy Yiuf/+4 quarterstaff of chaos (10)]
  2759 | D:3      | Slain by Crazy Yiuf

Illustrated notes

Levels and vault maps discovered:
D:1:      dpeg_arrival_shelter, layout_loops_corners, hangedman_decor_push
D:2:      layout_basic, uniq_sigmund
D:3:      layout_loops_ring, chequers_ecumenical_altar_simple, uniq_grinder,
          uniq_natasha, uniq_crazy_yiuf_cottage

Skill      XL: |  1  2  3 |
---------------+----------+-----
Fighting       | 1 2 3 |  3.0
Summonings     | 2 |  2.0
Dodging        | |  2.0
Stealth        | |  2.6
Spellcasting   | |  3.0
Conjurations   | |  1.9
Translocations | |  1.0

Action                   |  1- 3 |  4- 6 || total
-------------------------+-------+-------++-------
Melee: Dagger            |    37 |    19 ||    56
       Tentacles         |     8 |     4 ||    12
       Constrict         |     4 |     5 ||     9
 Cast: Magic Dart        |    63 |    19 ||    82
 Stab: Sleeping          |     4 |       ||     4
Armor: Skin              |     3 |     2 ||     5
Dodge: Dodged            |    34 |    11 ||    45
